 Dungeon Crawl Stone Soup version 0.22-a0-377-g846bec1 (webtiles) character file.

35070 Leszczynek the Brawler (level 13, -3/133 HPs)
             Began as a Troll Skald on Apr 27, 2018.
             Was a Priest of Makhleb.
             Slain by Saint Roka
             ... wielding a +5 battleaxe of chopping
              (4 damage)
             ... on level 2 of the Orcish Mines.
             The game lasted 00:57:38 (7482 turns).

Leszczynek the Brawler (Troll Skald)                Turns: 7482, Time: 00:57:39

Health: -3/133     AC: 10    Str: 22    XL:     13   Next: 45%
Magic:  15/15      EV: 11    Int: 17    God:    Makhleb [***...]
Gold:   710        SH: 15    Dex: 10    Spells: 5/14 levels left

rFire    . . .     SeeInvis .     - Unarmed
rCold    . . .     Gourm    +   t - +4 shield of Coetwaim {Int+5}
rNeg     . . .     Faith    .   I - +1 robe
rPois    .         Spirit   .   (helmet restricted)
rElec    .         Reflect  .   (no cloak)
rCorr    +         Harm     .   (gloves unavailable)
MR       .....                  (boots unavailable)
Stlth    +.........             r - amulet of the acrobat
HPRegen  0.72/turn              f - ring of resist corrosion
MPRegen  0.14/turn              n - +4 ring of protection

@: very slightly contaminated
A: large, unfitting armour, claws 3, fast metabolism 3, gourmand, regeneration
1, shaggy fur 1, tough skin 2
a: Minor Destruction, Lesser Servant of Makhleb, Renounce Religion


You were on level 2 of the Orcish Mines.
You worshipped Makhleb.
Makhleb was most pleased with you.
You were full.

You visited 2 branches of the dungeon, and saw 17 of its levels.

You collected 1548 gold pieces.
You spent 838 gold pieces at shops.

Inventory:

Hand Weapons
 y - a +0 blowgun
Missiles
 k - 21 tomahawks (quivered)
 v - 5 javelins of penetration
 x - 10 large rocks
Armour
 t - the +4 shield of Coetwaim (worn) {Int+5}
   (You found it on level 9 of the Dungeon)

   It affects your intelligence (+5).
 I - a +1 robe (worn)
Jewellery
 b - a +3 ring of intelligence
 f - a ring of resist corrosion (left claw)
 i - an uncursed ring of teleportation
 n - a +4 ring of protection (right claw)
 r - an amulet of the acrobat (around neck)
 A - a cursed ring of loudness {unknown}
 E - a cursed ring of protection from magic {unknown}
 G - a cursed amulet of inaccuracy {unknown}
Wands
 e - a wand of paralysis (11)
 j - a wand of scattershot (3)
 B - a wand of flame (28)
 C - a wand of enslavement (9)
Scrolls
 c - 2 scrolls of fog
 h - 2 scrolls of blinking
 u - 2 scrolls of magic mapping
 z - a scroll of teleportation
 D - a scroll of random uselessness {unknown}
 F - a scroll of enchant armour
Potions
 g - 3 potions of haste
 l - 3 potions of agility
 m - 2 potions of lignification {!q}
 o - a potion of invisibility
 p - 2 potions of curing {@q1}
 s - 2 potions of flight
 w - a potion of might
Comestibles
 d - 20 rations
 H - 8 chunks of flesh


   Skills:
 - Level 10.0 Fighting
 - Level 4.1 Dodging
 - Level 9.0 Shields
 - Level 15.0 Unarmed Combat
 - Level 1.2 Spellcasting
 - Level 2.0 Charms
 + Level 1.5 Transmutations
 + Level 1.9 Earth Magic
 - Level 5.1 Invocations


You had 5 spell levels left.
You knew the following spells:

 Your Spells              Type           Power        Failure   Level  Hunger
a - Statue Form           Tmut/Erth      #........    100%        6    #######
q - Regeneration          Chrm/Necr      #.........   38%         3    ####...


Dungeon Overview and Level Annotations

Branches:
Dungeon (15/15)               Orc (2/2) D:10            Elf (0/3) Orc:2
 Temple: D:4-7         Lair: D:8-11      Vaults: D:13-14     Depths: D:15

Altars:
Fedhas
Makhleb
Trog

Shops:
Orc:1 :

Annotations:
D:9 don't take the hatch down here or you'll regret it, exclusion: downstairs
D:12 Gorglomux's ghost, journeyman DDFi
D:13 kirke
D:14 vaults, exclusions: meliai and upstairs
D:15 fire giant roaming
Orc:2 Saint Roka


Innate Abilities, Weirdness & Mutations

You are too large for most types of armour.
You have claws for hands.
Your metabolism is lightning-fast.
You like to eat raw meat.
Your natural rate of healing is unusually fast.
You are covered in fur. (AC +1)
You have very tough skin. (AC +2)


Message History

Your quasit claws the orc warrior but does no damage.
Your ufetubus hits the orc warrior but does no damage.
Your ufetubus barely misses the orc warrior.
Unknown command.
Evoke which item? (* to show all) (? for menu, Esc to quit)
Aiming: Scattershot
Press: ? - help, Shift-Dir - straight line, f/p - Saint Roka
Aim: Saint Roka, wielding a battleaxe of chopping and wearing a plate armour (almost dead)
The burst of metal fragments hits Saint Roka. x4
Saint Roka is almost dead.
Your quasit closely misses the orc warrior.
Your quasit claws the orc warrior but does no damage.
Your quasit closely misses the orc warrior.
The orc warrior completely misses your quasit.
Your ufetubus closely misses the orc warrior.
Your ufetubus hits the orc warrior but does no damage.
Your neqoxec hits Saint Roka!
Saint Roka hits you with a battleaxe of chopping!
* * * LOW HITPOINT WARNING * * *
You die...

##...#).....................
#...###.....................
##.##.#))................... .
#........................... ..
#........................... ..
##........................... ..#
#.....#......................
...##.......5....55).............
................@o)†(.)..........
................o3####..#.....#..
................)[# #.# .. #.#
..................# ## ##
..................##
...#.......#.......#
.......#...........#
...............#.)##
...........##.#.§o.8.....


You could see Saint Roka, an orc warrior, a friendly neqoxec, a friendly quasit,
a friendly crimson imp and a friendly ufetubus.

Vanquished Creatures
  Josephine (D:10)
  2 centaur warriors
  2 two-headed ogres
  The ghost of Velros the Fighter, a novice OpAs of Hepliaklqana (D:9)
  Nergalle (Orc:2)
  2 orc high priests (Orc:2)
  2 unseen horrors
  4 orc knights
  A deep elf mage (D:12)
  The ghost of grindst0ne the Shield-Bearer, a novice OpFi (D:6)
  An orc sorcerer (Orc:2)
  3 ugly things
  2 cyclopes
  3 centaur zombies
  A gargoyle (D:12)
  The ghost of grindst0ne the Skirmisher, a novice OpFi of Gozag (D:5)
  7 centaur skeletons
  A hellwing (D:9)
  A hornet (shapeshifter) (D:14)
  4 trolls
  A raiju (shapeshifter) (D:14)
  5 hippogriffs
  A centaur simulacrum (D:15)
  3 wraiths
  8 yaks
  Menkaure (D:6)
  A hungry ghost (D:8)
  4 wargs
  A water moccasin (D:12)
  A sky beast (D:13)
  28 orc warriors
  2 eyes of draining
  3 ice beasts
  A black bear (D:10)
  A necrophage (D:5)
  12 ogres
  8 centaurs
  A crocodile (D:15)
  3 big kobolds
  4 bullfrogs
  A wyvern zombie (D:6)
  2 wyvern skeletons (D:11)
  6 howler monkeys
  14 wights
  5 crimson imps
  A quasit (D:15)
  5 jellies
  4 hounds
  13 orc priests
  A bullfrog skeleton (D:8)
  14 orc wizards
  Jessica (D:2)
  2 iguanas (Orc:1)
  Ijyb (D:3)
  2 worker ants
  A hound skeleton (D:4)
  Robin (D:2)
  7 adders
  A gnoll (D:1)
  7 shadow imps
  5 oozes (D:9)
  An adder skeleton (D:9)
  3 worms
  4 leopard geckos
  68 orcs
  A ball python (D:5)
  4 bats
  A giant cockroach (D:2)
  10 goblins
  8 hobgoblins
  4 jackals
  3 quokkas
  2 frilled lizards
  12 kobolds
  3 rats
348 creatures vanquished.

Vanquished Creatures (collateral kills)
  An orc warlord (Orc:1)
  3 hydras
  6 two-headed ogres
  Urug (D:13)
  2 orc sorcerers (Orc:2)
  2 ugly things (D:15)
  A centaur zombie (D:9)
  4 molten gargoyles (D:11)
  A hellwing (D:9)
  A troll (Orc:2)
  2 wraiths (D:10)
  3 yaks (D:10)
  8 orc warriors
  5 ogres
  A wyvern zombie (D:9)
  A howler monkey (D:8)
  A lava snake (D:11)
  3 jellies
  2 orc priests
  A bullfrog skeleton (D:11)
  2 orc wizards
  A shadow imp (D:11)
  17 orcs
  A kobold (D:9)
70 creatures vanquished.

Vanquished Creatures (others)
  An orc warrior (Orc:2)
  An orc (Orc:1)
2 creatures vanquished.

Grand Total: 420 creatures vanquished

Notes
Turn   | Place    | Note
-------+----------+-------------------------------------------
     0 | D:1      | Leszczynek the Troll Skald began the quest for the Orb.
     0 | D:1      | Reached XP level 1. HP: 19/19 MP: 1/1
   129 | D:1      | Reached skill level 3 in Unarmed Combat
   129 | D:1      | Reached XP level 2. HP: 27/27 MP: 2/2
   169 | D:2      | Noticed Jessica
   181 | D:2      | Killed Jessica
   181 | D:2      | Reached XP level 3. HP: 32/33 MP: 3/3
   215 | D:2      | Found a faded altar of an unknown god.
   229 | D:2      | lol
   229 | D:2      | let's go
   229 | D:2      | Became a worshipper of Makhleb the Destroyer
   229 | D:2      | Reached * piety under Makhleb
   230 | D:2      | pff
   230 | D:2      | well, free * piety for me
   254 | D:2      | Reached skill level 4 in Unarmed Combat
   290 | D:2      | Noticed Robin
   317 | D:2      | Killed Robin
   317 | D:2      | Reached XP level 4. HP: 33/41 MP: 4/4
   392 | D:3      | Noticed Ijyb
   400 | D:3      | Killed Ijyb
   400 | D:3      | Reached skill level 5 in Unarmed Combat
   403 | D:3      | lol scattershot
   403 | D:3      | crazy bastard
   433 | D:3      | too bad it sucks so much with no evo
   456 | D:3      | Reached XP level 5. HP: 48/48 MP: 5/5
   544 | D:3      | Reached ** piety under Makhleb
   582 | D:3      | Reached skill level 6 in Unarmed Combat
   702 | D:4      | Reached XP level 6. HP: 30/55 MP: 6/6
   789 | D:5      | Entered Level 5 of the Dungeon
   819 | D:5      | Reached skill level 7 in Unarmed Combat
   828 | D:5      | Noticed grindst0ne's ghost (novice OpFi)
   837 | D:5      | Killed grindst0ne's ghost
   837 | D:5      | Reached skill level 8 in Unarmed Combat
   837 | D:5      | Reached XP level 7. HP: 60/62 MP: 7/7
   848 | D:5      | Reached skill level 1 in Invocations
   883 | D:5      | Reached skill level 2 in Fighting
   952 | D:6      | Noticed grindst0ne's ghost (novice OpFi)
   963 | D:6      | Killed grindst0ne's ghost
   963 | D:6      | Reached skill level 3 in Fighting
   963 | D:6      | Reached skill level 3 in Invocations
   963 | D:6      | Reached XP level 8. HP: 57/75 MP: 7/9
  1023 | D:7      | Noticed Menkaure
  1114 | D:6      | Killed Menkaure
  1114 | D:6      | Reached skill level 4 in Fighting
  1114 | D:6      | Reached skill level 4 in Invocations
  1136 | D:6      | Reached skill level 2 in Dodging
  1140 | D:6      | HP: 14/78 [wight/enchanted trident (2)]
  1387 | D:8      | Reached skill level 5 in Fighting
  1387 | D:8      | Reached skill level 9 in Unarmed Combat
  1411 | D:8      | Reached XP level 9. HP: 62/88 MP: 11/11
  1422 | D:8      | HP: 9/88 [wight/halberd of freezing (10)]
  1422 | D:8      | HP: 4/88 [wight/halberd of freezing (5)]
  1423 | D:8      | Reached *** piety under Makhleb
  1686 | D:9      | Reached skill level 3 in Dodging
  1688 | D:9      | Noticed a hellwing
  1689 | D:9      | >d:9 hellwing
  1690 | D:9      | Noticed a hellwing
  1702 | D:9      | Killed a hellwing
  1722 | D:9      | Killed a hellwing
  1722 | D:9      | Reached skill level 6 in Fighting
  1739 | D:9      | Reached skill level 10 in Unarmed Combat
  1752 | D:9      | Noticed Velros's ghost (novice OpAs)
  1777 | D:9      | Killed Velros's ghost
  1777 | D:9      | Reached skill level 5 in Invocations
  1777 | D:9      | Reached XP level 10. HP: 100/100 MP: 12/12
  1781 | D:9      | Reached skill level 4 in Dodging
  1860 | D:10     | Entered Level 10 of the Dungeon
  1943 | D:10     | Noticed a two-headed ogre
  2008 | D:10     | Reached skill level 7 in Fighting
  2179 | D:11     | Noticed a skeletal warrior
  2179 | D:11     | Noticed a skeletal warrior
  2179 | D:11     | Noticed a skeletal warrior
  2219 | D:10     | this ring is going to kill me
  2228 | D:10     | Noticed Josephine
  2240 | D:10     | Reached skill level 11 in Unarmed Combat
  2263 | D:10     | Killed Josephine
  2347 | D:10     | Killed a two-headed ogre
  2347 | D:10     | Reached skill level 8 in Fighting
  2360 | D:10     | Reached skill level 12 in Unarmed Combat
  2401 | D:10     | Reached XP level 11. HP: 101/111 MP: 13/13
  2410 | D:10     | Found a staircase to the Orcish Mines.
  2728 | D:9      | Reached **** piety under Makhleb
  2876 | D:9      | Got a dazzling shield
  2935 | D:8      | Identified the +4 shield of Coetwaim {Int+5} (You found it on level 9 of the Dungeon)
  2939 | D:8      | wew
  2939 | D:8      | plz, just give me rc
  2939 | D:8      | plzzz
  2960 | D:8      | Reached skill level 1 in Shields
  3015 | D:8      | Noticed a two-headed ogre
  3021 | D:8      | Killed a two-headed ogre
  3021 | D:8      | Reached skill level 2 in Shields
  3055 | D:8      | Noticed a two-headed ogre
  3065 | D:8      | Killed a two-headed ogre
  3065 | D:8      | Reached skill level 3 in Shields
  3081 | D:8      | nope, this was noise
  3202 | D:8      | yes, finally
  3202 | D:8      | thank you
  3284 | D:11     | Reached skill level 4 in Shields
  3363 | D:11     | Killed an unseen horror
  3434 | D:11     | Reached skill level 5 in Shields
  3675 | D:12     | Noticed a two-headed ogre
  3682 | D:12     | Noticed Gorglomux's ghost (journeyman DDFi)
  3685 | D:12     | Killed a two-headed ogre
  3685 | D:12     | Reached skill level 6 in Shields
  3876 | D:12     | Noticed a deep elf mage
  3903 | D:12     | Killed a deep elf mage
  4010 | D:12     | Noticed a cyan ugly thing
  4030 | D:12     | Killed a cyan ugly thing
  4350 | D:13     | Reached skill level 7 in Shields
  4396 | D:13     | Found a blossoming altar of Fedhas.
  4436 | D:13     | fuck these layouts
  4511 | D:13     | Noticed a four-headed hydra
  4548 | D:13     | Killed a four-headed hydra
  4548 | D:13     | Reached XP level 12. HP: 90/122 MP: 14/14
  4644 | D:14     | Noticed a centaur warrior
  4654 | D:14     | Killed a centaur warrior
  4681 | D:14     | Noticed a two-headed ogre
  4691 | D:14     | Killed a two-headed ogre
  4727 | D:13     | Reached skill level 13 in Unarmed Combat
  4794 | D:14     | Noticed a six-headed hydra
  4831 | D:14     | Killed a six-headed hydra
  4890 | D:14     | Noticed a two-headed ogre
  4901 | D:14     | Killed a two-headed ogre
  4937 | D:14     | Paralysed by a hornet for 2 turns
  4969 | D:15     | Entered Level 15 of the Dungeon
  5010 | D:15     | Reached skill level 9 in Fighting
  5240 | D:15     | Noticed a fire giant
  5243 | D:15     | ha ha no
  5372 | D:14     | Noticed a five-headed hydra
  5387 | D:14     | Killed a five-headed hydra
  5413 | D:14     | Noticed a two-headed ogre
  5427 | D:14     | Killed a two-headed ogre
  5427 | D:14     | Reached skill level 8 in Shields
  5454 | D:13     | Noticed Urug
  5482 | D:14     | it's fine, i just need to wait that stupid potion
  5544 | D:13     | HP: 16/123 [Urug/enchanted glaive (29)]
  5545 | D:13     | HP: 3/123 [Urug/enchanted glaive (13)]
  5551 | D:13     | Killed Urug
  5718 | D:13     | Reached skill level 14 in Unarmed Combat
  5719 | D:13     | Noticed a centaur warrior
  5727 | D:13     | Killed a centaur warrior
  5897 | Orc:1    | Entered Level 1 of the Orcish Mines
  5956 | Orc:1    | Noticed a two-headed ogre
  5967 | Orc:1    | Killed a two-headed ogre
  6027 | Orc:1    | that's a bit much
  6036 | Orc:1    | Noticed an orc warlord
  6036 | Orc:1    | oh
  6036 | Orc:1    | that explains a lot
  6134 | D:10     | how fun, 1 tele wasted
  6164 | D:11     | Reached XP level 13. HP: 123/132 MP: 15/15
  6287 | Orc:1    | Killed an orc warlord
  6367 | Orc:2    | Entered Level 2 of the Orcish Mines
  6796 | Orc:1    | Found a bloodstained altar of Trog.
  6961 | Orc:2    | Reached skill level 10 in Fighting
  6991 | Orc:1    | Found Vaaroraol's Book Shoppe.
  7001 | Orc:1    | hm
  7001 | Orc:1    | do i buy it right away or after checking orc 2 shops
  7001 | Orc:1    | but will i even find it cheaper?
  7001 | Orc:1    | Bought the Guide on Shifting Contamination for 838 gold pieces
  7008 | Orc:1    | Learned a level 6 spell: Statue Form
  7008 | Orc:1    | + it has irradiate too
  7046 | Orc:1    | Learned a level 3 spell: Regeneration
  7133 | Orc:2    | Found a staircase to the Elven Halls.
  7227 | Orc:2    | Paralysed by an orc sorcerer for 5 turns
  7359 | Orc:2    | 5 trolls killed, no armor
  7385 | Orc:2    | ah, it's this shit
  7385 | Orc:2    | another warlord or saint rok
  7385 | Orc:2    | a
  7397 | Orc:2    | Reached skill level 1 in Earth Magic
  7402 | Orc:2    | Noticed Nergalle
  7402 | Orc:2    | Reached skill level 15 in Unarmed Combat
  7402 | Orc:2    | Reached skill level 1 in Transmutations
  7419 | Orc:2    | Killed Nergalle
  7419 | Orc:2    | Reached skill level 9 in Shields
  7443 | Orc:2    | Noticed Saint Roka
  7454 | Orc:2    | HP: 19/133 [Saint Roka/battleaxe of chopping (21)]
  7480 | Orc:2    | HP: 22/133 [Saint Roka/battleaxe of chopping (20)]
  7482 | Orc:2    | HP: 1/133 [Saint Roka/battleaxe of chopping (17)]
  7482 | Orc:2    | Slain by Saint Roka

Vault maps used:
D:1:      minmay_arrival_diagonal_passages, minmay_misc_feat_five
D:2:      chequers_ecumenical_altar_island, uniq_jessica, uniq_robin
D:3:      kennysheep_big_flooded_room, st_stairs_13, minmay_bisected, uniq_ijyb
D:4:      first_ration, uniq_blork_the_orc, uniq_natasha
D:5:      gammafunk_temple_overflow_elements, kennysheep_boxes
D:6:      minmay_temple_entry_hall, uniq_crazy_yiuf_cottage
D:7:      lemuel_upstairs_altar, glass_columns_b, uniq_menkaure, uniq_duvessa,
          uniq_joseph
D:8:      lair_entry_dummy, uniq_psyche
D:9:      cheibrodos_grave_circle, hangedman_little_slice_of_home
D:10:     erik_orc_3, uniq_josephine
D:11:     minivault_8
D:12:     nooodl_glass_maze
D:13:     fedhas_altar_3, uniq_urug, uniq_kirke
D:14:     david_vaults_4, infiniplex_staircase_zigzag_4, serial_park_tiny_pond
D:15:     grunt_enter_depths_giant_problem, serial_bayou_lagoon_a
Orc:1:    serial_shops, shop, trog_butcher_becter
Orc:2:    grunt_orc_cross

Skill      XL: |  1  2  3  4  5  6  7  8  9 10 11 12 13 |
---------------+----------------------------------------+-----
Unarmed Combat | 3 4 5 6 8 9 10 12 14 15 | 15.0
Invocations    | 3 4 5 |  5.1
Fighting       | 3 5 6 8 9 10 | 10.0
Dodging        | 2 3 4 |  4.1
Shields        | 7 8 9 |  9.0
Earth Magic    | 1 |  1.9
Transmutations | 1 |  1.5
Spellcasting   | |  1.2
Charms         | |  2.0

Action                   |  1- 3 |  4- 6 |  7- 9 | 10-12 | 13-15 || total
-------------------------+-------+-------+-------+-------+-------++-------
Melee: Unarmed           |    59 |   102 |   190 |   606 |   266 ||  1223
       Punch             |       |     2 |    12 |    16 |       ||    30
Throw: Tomahawk          |       |       |     3 |     1 |       ||     4
Invok: Minor Destruction |       |       |     3 |    23 |     2 ||    28
       Lesser Servant of |       |       |     3 |    34 |    14 ||    51
Evoke: Wand              |       |     2 |     2 |       |     2 ||     6
  Use: Scroll            |     3 |     2 |     4 |    10 |     1 ||    20
       Potion            |       |       |     1 |     1 |     3 ||     5
 Stab: Paralysed         |       |     3 |       |       |       ||     3
       Sleeping          |       |       |     1 |       |       ||     1
       Distracted        |       |       |     1 |     7 |     3 ||    11
       Invisible         |       |       |       |       |     4 ||     4
  Eat: Chunk             |     7 |     5 |    16 |    42 |    10 ||    80
Armor: Robe              |    14 |    23 |    44 |   108 |    18 ||   207
Dodge: Dodged            |    30 |    33 |    66 |   245 |    54 ||   428
Block: Shield            |       |       |       |   141 |   127 ||   268

Table legend:
 A = Spawn XP
 B = Non-spawn XP
 C = Spawn XP percentage of total XP
 D = Spawn monster count
 E = Non-spawn monster count
 F = Spawn count percentage of total count
 G = Total turns spent on level
                    A         B        C        D         E        F      G
               +---------+---------+-------+---------+---------+-------+---------
         Total |       0 |   50100 |   0.0 |       0 |     418 |   0.0 |  7482
               +---------+---------+-------+---------+---------+-------+---------
           D:1 |       0 |      18 |   0.0 |       0 |       4 |   0.0 |    87
           D:2 |       0 |      92 |   0.0 |       0 |      20 |   0.0 |   256
           D:3 |       0 |     213 |   0.0 |       0 |      27 |   0.0 |   297
           D:4 |       0 |      94 |   0.0 |       0 |       9 |   0.0 |   149
           D:5 |       0 |     648 |   0.0 |       0 |       6 |   0.0 |   127
           D:6 |       0 |     990 |   0.0 |       0 |       6 |   0.0 |   213
           D:7 |       0 |     656 |   0.0 |       0 |      16 |   0.0 |   383
           D:8 |       0 |    2155 |   0.0 |       0 |      16 |   0.0 |   447
           D:9 |       0 |    4143 |   0.0 |       0 |      39 |   0.0 |   558
          D:10 |       0 |    4381 |   0.0 |       0 |      38 |   0.0 |   676
          D:11 |       0 |    6010 |   0.0 |       0 |      52 |   0.0 |   843
          D:12 |       0 |    2926 |   0.0 |       0 |      20 |   0.0 |   416
          D:13 |       0 |    4163 |   0.0 |       0 |      32 |   0.0 |   815
          D:14 |       0 |    5272 |   0.0 |       0 |      12 |   0.0 |   577
          D:15 |       0 |    4273 |   0.0 |       0 |      17 |   0.0 |   279
         Orc:1 |       0 |    6393 |   0.0 |       0 |      39 |   0.0 |   611
         Orc:2 |       0 |    7673 |   0.0 |       0 |      65 |   0.0 |   748
               +---------+---------+-------+---------+---------+-------+---------
